[Event "Titled Tuesday Blitz August 3 2021"]
[White "Srihari L R"]
[Black "Farahat, Ali"]
[WhiteFideId "46617116"]
[BlackFideId "10600507"]
[WhiteElo "2121"]
[BlackElo "2321"]
[Result "1-0"]
[Round "07"]
[TimeControl "180+1"]
[Date "2021.08.03"]
[WhiteClock "0:00:40"]
[BlackClock "0:00:27"]

1. d4 d5 2. c4 c6 3. Nf3 Nf6 4. Qc2 dxc4 5. Qxc4 Bg4 6. Nbd2 Nbd7 7. g3 g6 8. Bg2 Bg7 9. O-O O-O 10. e3 Rc8 11. h3 Be6 12. Qe2 h6 13. Rd1 c5 14. b3 Qa5 15. Bb2 Nd5 16. Nc4 Nc3 17. Qd2 Nxd1 18. Nxa5 Nxb2 19. Qxb2 b6 20. Nc4 b5 21. Nce5 cxd4 22. exd4 Nxe5 23. Nxe5 Rfd8 24. Re1 Bd5 25. Bxd5 Rxd5 26. Nf3 e6 27. Kg2 Rcd8 28. Rc1 Bxd4 29. Nxd4 Rxd4 30. Rc7 a5 31. Qc1 Rd2 32. Qc5 Rxa2 33. Qxb5 Rb2 34. Rb7 h5 35. Rb8 Rxb8 36. Qxb8+ Kh7 37. Qf8 Rxb3 38. Qxf7+ Kh6 39. Qxe6 Rb7 40. Qe5 Rf7 41. Qxa5 1-0


[Site "https://www.chess.com"]

[Event "Titled Tuesday Blitz August 3 2021"]
[White "Svane, Rasmus"]
[Black "Assaubayeva, Bibisara"]
[WhiteFideId "4657101"]
[BlackFideId "13708694"]
[WhiteElo "2669"]
[BlackElo "2232"]
[Result "1-0"]
[Round "07"]
[TimeControl "180+1"]
[Date "2021.08.03"]
[WhiteClock "0:00:14"]
[BlackClock "0:00:13"]

1. Nf3 Nf6 2. g3 g6 3. Bg2 Bg7 4. O-O O-O 5. d4 d5 6. c3 c6 7. Nbd2 Bf5 8. Nh4 Be6 9. Re1 Nbd7 10. e4 dxe4 11. Nxe4 Nxe4 12. Bxe4 Nf6 13. Bg2 Bd5 14. Bxd5 cxd5 15. Nf3 Ne4 16. Ng5 Nd6 17. Qb3 e6 18. Bf4 b6 19. Bxd6 Qxd6 20. Re2 Rfe8 21. Rae1 Rac8 22. Kg2 a6 23. h4 h6 24. Nf3 b5 25. a3 Rb8 26. Ne5 a5 27. Qc2 b4 28. axb4 axb4 29. Nxg6 bxc3 30. bxc3 fxg6 31. Qxg6 Qd7 32. Rxe6 Rxe6 33. Rxe6 Qf7 34. Qg4 h5 35. Qe2 Rc8 36. Re3 Rf8 37. Re7 Qf5 38. Rc7 Qg6 39. Rc5 Qf5 40. Rc6 Rf6 41. Rc5 Rf8 42. Qa2 Qe4+ 43. Kh2 Rf5 44. Qd2 Qf3 45. Kg1 Bh6 46. Qe1 Bf8 47. Rc6 Rf7 48. Rg6+ Bg7 49. Rg5 Kh7 50. Qf1 Bh6 51. Re5 Bg7 52. Re3 Qxe3 53. fxe3 Rxf1+ 54. Kxf1 Kg6 55. Ke2 Kf5 56. Kd3 Kg4 57. e4 dxe4+ 58. Kxe4 Kxg3 59. c4 Kxh4 60. c5 Bf8 61. Kd5 Bh6 62. c6 Bf4 63. Ke6 Kg4 64. d5 h4 65. d6 Bxd6 66. Kxd6 h3 67. c7 h2 68. c8=Q+ Kg3 69. Qc6 Kf2 70. Qh1 Kg3 71. Ke5 Kh3 72. Kf4 1-0


[Site "https://www.chess.com"]

[Event "Titled Tuesday Blitz August 3 2021"]
[White "Tarigan, Gilbert Elroy"]
[Black "Novikov, Evgenij"]
[WhiteFideId "7108133"]
[BlackFideId "4125380"]
[WhiteElo "1908"]
[BlackElo "2242"]
[Result "1-0"]
[Round "07"]
[TimeControl "180+1"]
[Date "2021.08.03"]
[WhiteClock "0:00:41"]
[BlackClock "0:00:02"]

1. e4 c5 2. Nf3 d6 3. a3 Nf6 4. e5 dxe5 5. Nxe5 Nbd7 6. Nf3 e6 7. Bd3 Be7 8. O-O O-O 9. b3 b6 10. Bb2 Bb7 11. Re1 Nd5 12. Nc3 Nxc3 13. Bxc3 Bf6 14. Qe2 Bxc3 15. dxc3 Nf6 16. Rad1 Qc7 17. c4 Rad8 18. Qe5 Qc6 19. h3 Rd4 20. Bf1 Rd7 21. Qe3 Qc7 22. Ne5 Rxd1 23. Rxd1 Rd8 24. Rd3 Be4 25. Rxd8+ Qxd8 26. Bd3 Bxd3 27. cxd3 Nd7 28. b4 cxb4 29. axb4 Nxe5 30. Qxe5 h6 31. c5 bxc5 32. bxc5 a5 33. c6 a4 34. c7 Qd7 35. Qc5 Qc8 36. Qb6 Kh7 37. Qb8 Qd7 38. c8=Q Qxd3 39. Qg8+ Kg6 40. Qg3+ Qxg3 41. fxg3 a3 42. Qa8 a2 43. Qxa2 1-0


[Site "https://www.chess.com"]

[Event "Titled Tuesday Blitz August 3 2021"]
[White "Ter-Sahakyan, Samvel"]
[Black "Batsuren, Dambasuren"]
[WhiteFideId "13302531"]
[BlackFideId "4902920"]
[WhiteElo "2551"]
[BlackElo "2371"]
[Result "0-1"]
[Round "07"]
[TimeControl "180+1"]
[Date "2021.08.03"]
[WhiteClock "0:00:03"]
[BlackClock "0:00:13"]

1. Nf3 Nf6 2. b3 b5 3. Bb2 Bb7 4. e3 a6 5. Be2 e6 6. O-O c5 7. c4 bxc4 8. bxc4 Be7 9. d3 O-O 10. Nbd2 Nc6 11. Qc2 Nb4 12. Qc3 Rb8 13. Rfc1 d5 14. a3 Nc6 15. cxd5 exd5 16. Nb3 Ba8 17. Rab1 d4 18. exd4 Nd5 19. Qc2 Nxd4 20. Nbxd4 cxd4 21. Bxd4 Bxa3 22. Rxb8 Qxb8 23. Rb1 Qd6 24. Be5 Qg6 25. Qc4 Bd6 26. Qxa6 Nc3 27. Qxd6 Nxb1 28. Qxg6 hxg6 29. d4 Rd8 30. h4 Nc3 31. Bc4 Bd5 32. Bxd5 Rxd5 33. Kh2 f6 34. Bf4 Ne4 35. Be3 Kf7 36. g3 Rb5 37. Kg2 Rb2 38. Nh2 Ke6 39. Kf3 Kd5 40. Ng4 Nd6 41. Kg2 Nf5 42. Kf3 Nxd4+ 43. Bxd4 Kxd4 44. Ne3 Rb3 45. Kf4 Rb2 46. Kf3 Ra2 47. Ng4 Kd5 48. Ne3+ Ke5 49. Ng4+ Kf5 50. Ne3+ Ke5 51. Ng4+ Ke6 52. Ne3 Ra3 53. Ke4 Ra4+ 54. Kf3 Ra5 55. Ke4 g5 56. hxg5 Rxg5 57. Kf4 Ra5 58. g4 Ra4+ 59. Kf3 Ke5 60. Kg3 Ra3 61. Kf3 g6 62. Kg2 Kf4 63. Nd5+ Kg5 64. f3 Rd3 65. Nc7 Kh4 66. Ne6 Rd2+ 67. Kf1 Kg3 68. Nf8 Rf2+ 69. Ke1 g5 70. Nd7 Rxf3 0-1


[Site "https://www.chess.com"]

[Event "Titled Tuesday Blitz August 3 2021"]
[White "Terry, Renato"]
[Black "Trent, Lawrence"]
[WhiteFideId "3803457"]
[BlackFideId "408638"]
[WhiteElo "2581"]
[BlackElo "2474"]
[Result "0-1"]
[Round "07"]
[TimeControl "180+1"]
[Date "2021.08.03"]
[WhiteClock "0:00:07"]
[BlackClock "0:00:20"]

1. e4 e6 2. d4 d5 3. exd5 exd5 4. Nf3 Bd6 5. c4 c6 6. Nc3 Ne7 7. Bd3 dxc4 8. Bxc4 O-O 9. O-O Nd7 10. Ne4 Bc7 11. Bg5 Nb6 12. Bb3 Nbd5 13. Re1 f6 14. Bd2 b6 15. Rc1 Bg4 16. h3 Bh5 17. Bb4 Rf7 18. Bxe7 Rxe7 19. Rxc6 Kh8 20. Rc1 Bf4 21. Rc2 Qd7 22. Bxd5 Qxd5 23. Nc3 Rxe1+ 24. Qxe1 Qf5 25. Qe4 Qxe4 26. Nxe4 Re8 27. Ng3 Bg6 28. Re2 Rc8 29. Re7 h5 30. Nh4 Rc1+ 31. Kh2 Bb1 32. Nf3 g5 33. h4 a5 34. a3 Rc2 35. Kg1 Rc1+ 36. Kh2 Ba2 37. Rb7 Bd5 38. Rxb6 Bxf3 39. gxf3 gxh4 40. Rxf6 Bc7 41. Rh6+ Kg7 42. Rxh5 hxg3+ 43. fxg3 Rc2+ 44. Kh3 Rxb2 45. Rc5 Bb6 46. Rc4 Rb3 47. Ra4 Rxf3 48. d5 Rd3 49. Kg4 Rxd5 50. Kf4 Rd4+ 51. Rxd4 Bxd4 52. Ke4 Bb2 53. a4 Kg6 54. Kf4 Bc3 55. Kg4 Bd2 56. Kf3 Kf5 57. Ke2 Bb4 58. Kf3 Bd6 0-1


[Site "https://www.chess.com"]

[Event "Titled Tuesday Blitz August 3 2021"]
[White "Timmermans, Mark"]
[Black "Eternauta2400"]
[WhiteFideId "1026399"]
[WhiteElo "2460"]
[BlackElo "2528"]
[Result "1-0"]
[Round "07"]
[TimeControl "180+1"]
[Date "2021.08.03"]
[WhiteClock "0:00:11"]
[BlackClock "0:00:02"]

1. b4 a5 2. b5 e5 3. Bb2 d5 4. Bxe5 Bf5 5. e3 Nd7 6. Bb2 Ngf6 7. Nf3 a4 8. a3 Bg6 9. c4 Nc5 10. Nc3 dxc4 11. Bxc4 Bd3 12. Ba2 Be7 13. Ne5 O-O 14. Bb1 Bxb1 15. Rxb1 Bd6 16. d4 Bxe5 17. dxc5 Qe7 18. O-O Qxc5 19. Nxa4 Qe7 20. Bxe5 Qxe5 21. Rb4 Rfd8 22. Qb3 b6 23. Nb2 g6 24. a4 Rd7 25. Nd3 Qf5 26. Nf4 Rad8 27. Ne2 Qd3 28. Nd4 Qxb3 29. Rxb3 Ne4 30. Rc1 Nc5 31. Ra3 Ne4 32. h3 Ra8 33. Rc6 Nc5 34. a5 Nb7 35. a6 Nc5 36. Rc3 Kg7 37. R3xc5 bxc5 38. Rxc5 Rb8 39. Kf1 Ra8 40. Ke2 Rb8 41. Kd3 Ra8 42. Kc4 Rb8 43. Rd5 Re7 44. Kc5 Ra8 45. h4 Rb8 46. Nc6 Rbe8 47. Nxe7 Rxe7 48. Kc6 1-0


[Site "https://www.chess.com"]

[Event "Titled Tuesday Blitz August 3 2021"]
[White "Tokhirjonova, Gulrukhbegim"]
[Black "Wei, Yi"]
[WhiteFideId "14203626"]
[BlackFideId "8603405"]
[WhiteElo "2236"]
[BlackElo "2686"]
[Result "0-1"]
[Round "07"]
[TimeControl "180+1"]
[Date "2021.08.03"]
[WhiteClock "0:00:03"]
[BlackClock "0:02:09"]

1. e4 c5 2. Nf3 d6 3. d4 cxd4 4. Nxd4 Nf6 5. Nc3 a6 6. h3 e5 7. Nde2 h5 8. g3 Be7 9. Bg2 b5 10. a3 Nbd7 11. Be3 Nb6 12. b3 Be6 13. Qd2 O-O 14. Rd1 Qc7 15. O-O Rad8 16. Kh2 d5 17. Bxb6 Qxb6 18. Nxd5 Nxd5 19. exd5 Bf5 20. Qe3 Qxe3 21. fxe3 Bxc2 22. b4 Bxd1 23. Rxd1 Rc8 24. d6 Rfd8 25. Bb7 Rb8 26. Bxa6 Rxd6 27. Rxd6 Bxd6 28. Nc3 Ra8 29. Bxb5 Rxa3 30. Nd5 Bxb4 31. Nxb4 Rb3 32. Bc6 Rxb4 33. e4 Rb2+ 34. Kg1 Kh7 35. h4 g5 36. hxg5 Kg6 37. Bd5 Kxg5 38. Bxf7 Kg4 39. Kf1 Rh2 40. Kg1 Kxg3 0-1


[Site "https://www.chess.com"]

[Event "Titled Tuesday Blitz August 3 2021"]
[White "Tristan, Leonardo"]
[Black "Praggnanandhaa R"]
[WhiteFideId "113816"]
[BlackFideId "25059530"]
[WhiteElo "2404"]
[BlackElo "2555"]
[Result "0-1"]
[Round "07"]
[TimeControl "180+1"]
[Date "2021.08.03"]
[WhiteClock "0:00:41"]
[BlackClock "0:02:04"]

1. d4 Nf6 2. Bg5 g6 3. Bxf6 exf6 4. e3 Bg7 5. g3 O-O 6. Bg2 f5 7. Ne2 d5 8. O-O c6 9. Nd2 Nd7 10. c4 Nf6 11. b4 Be6 12. Nf4 g5 13. Nxe6 fxe6 14. b5 Qd6 15. bxc6 bxc6 16. Nf3 Ne4 17. Qc2 f4 18. Rfe1 g4 19. Ne5 fxg3 20. Bxe4 gxf2+ 21. Kg2 fxe1=N+ 22. Rxe1 dxe4 0-1


[Site "https://www.chess.com"]

[Event "Titled Tuesday Blitz August 3 2021"]
[White "Turzo, Attila"]
[Black "Nozdrachev, Leonid"]
[WhiteFideId "704954"]
[BlackFideId "24113433"]
[WhiteElo "2420"]
[BlackElo "2221"]
[Result "1/2-1/2"]
[Round "07"]
[TimeControl "180+1"]
[Date "2021.08.03"]
[WhiteClock "0:00:29"]
[BlackClock "0:00:04"]

1. d4 Nf6 2. c4 e6 3. Nf3 d5 4. Nc3 Be7 5. Bf4 O-O 6. e3 c5 7. Qc2 cxd4 8. exd4 Nc6 9. O-O-O Bd7 10. Kb1 Rc8 11. a3 a5 12. cxd5 Nxd5 13. Nxd5 exd5 14. Qb3 a4 15. Qe3 Na5 16. Ne5 Nc4 17. Nxc4 dxc4 18. Rc1 Be6 19. Be2 b5 20. Rhd1 Bd5 21. Bf3 Bf6 22. Be5 Bg5 23. Bf4 Bxf4 24. Qxf4 Bxf3 25. Qxf3 Qd6 26. g3 Rfe8 27. d5 Re5 28. Rd2 h6 29. Qc3 Rce8 30. Rcd1 Re2 31. Ka2 Rxd2 32. Rxd2 Re5 33. Qd4 f6 34. f4 Re1 35. Rd1 Re8 36. g4 Re2 37. Rd2 Re1 38. h4 b4 39. axb4 Qxb4 40. Qc3 Qb3+ 41. Qxb3 axb3+ 42. Ka3 Kf8 43. d6 Ke8 44. d7+ Kd8 45. Rd4 Rc1 46. g5 hxg5 47. hxg5 fxg5 48. fxg5 g6 49. Rd6 Rc2 50. Rd4 Rc1 51. Kb4 c3 52. Kxb3 cxb2 53. Kxb2 Rc5 54. Kb3 Rxg5 55. Kc4 Re5 56. Kd3 g5 57. Rd6 g4 58. Kd4 Rg5 59. Ke4 g3 60. Rd1 g2 61. Rg1 Rg3 62. Kf4 Rg7 63. Kf3 Rf7+ 64. Kxg2 Kxd7 65. Rd1+ Ke7 66. Re1+ Kf8 67. Rf1 Kg8 68. Rxf7 Kxf7 1/2-1/2


[Site "https://www.chess.com"]

[Event "Titled Tuesday Blitz August 3 2021"]
[White "Vasquez Schroeder, Rodrigo"]
[Black "Ambartsumova, Karina"]
[WhiteFideId "3400042"]
[BlackFideId "4166299"]
[WhiteElo "2572"]
[BlackElo "2262"]
[Result "0-1"]
[Round "07"]
[TimeControl "180+1"]
[Date "2021.08.03"]
[WhiteClock "0:00:02"]
[BlackClock "0:00:06"]

1. e4 c5 2. Nf3 e6 3. d4 cxd4 4. Nxd4 a6 5. Bd3 Bc5 6. Nb3 Ba7 7. Qe2 d6 8. Be3 Bxe3 9. Qxe3 Ne7 10. c4 e5 11. Nc3 Be6 12. O-O Nd7 13. Rfd1 Qb6 14. Qe2 Rc8 15. Rab1 O-O 16. Nd2 Nc6 17. h3 Nd4 18. Qe3 Rfd8 19. b3 Qa5 20. Bf1 b5 21. Rdc1 b4 22. Nd1 Nc5 23. Ra1 Bd7 24. f4 Bc6 25. f5 f6 26. Kh2 Qc7 27. g4 h6 28. Bg2 Qb7 29. Nf2 a5 30. h4 Kf7 31. Kg3 Ke7 32. a3 Kd7 33. a4 Kc7 34. Ra2 Kb8 35. Rb2 Rg8 36. h5 Rgd8 37. Re1 Re8 38. Nh3 Re7 39. Ng1 Rec7 40. Ngf3 Nxf3 41. Bxf3 Rd8 42. Nf1 Rcd7 43. Qe2 Qa7 44. Nd2 Nb7 45. Rbb1 Nc5 46. Red1 Nb7 47. Nf1 Nc5 48. Rd2 Qb6 49. Ne3 Nb7 50. Nf1 Nc5 51. Kg2 Qb7 52. Ng3 Qa8 53. Qe3 Qb7 54. Kf2 Qa7 55. Ke2 Qb7 56. Rdd1 Qa8 57. Kf2 Qb7 58. Re1 Qa8 59. Red1 Qb7 60. Rd2 Qa8 61. Rbd1 Qb7 62. Qe2 Nxb3 63. Ra2 Nd4 64. Qe3 Qa7 65. Ne2 Nxe2 66. Kxe2 Qxe3+ 67. Kxe3 Rb7 68. Rd3 b3 69. Rb2 Bxa4 70. Bd1 Kc7 71. Kd2 Rdb8 72. Kc3 Bc6 73. Rxb3 Bxe4 74. Rxb7+ Rxb7 75. Rd2 Bc6 76. Ra2 Ra7 77. Ba4 Bxa4 78. Rxa4 Kc6 79. Ra3 a4 80. Kb4 d5 81. cxd5+ Kxd5 82. Kb5 e4 83. Kb6 Ra8 84. Kb7 Ra5 85. Kb6 Rc5 86. Rxa4 Rc1 87. Ra7 Rb1+ 88. Kc7 e3 89. Ra2 Ke4 0-1


[Site "https://www.chess.com"]

[Event "Titled Tuesday Blitz August 3 2021"]
[White "Volkov, Maksim"]
[Black "Firat, Burak"]
[WhiteFideId "54123070"]
[BlackFideId "6305881"]
[WhiteElo "2113"]
[BlackElo "2531"]
[Result "0-1"]
[Round "07"]
[TimeControl "180+1"]
[Date "2021.08.03"]
[WhiteClock "0:00:11"]
[BlackClock "0:00:07"]

1. d4 c5 2. d5 Nf6 3. Nc3 d6 4. e4 g6 5. a4 Bg7 6. h3 O-O 7. Nf3 e6 8. Be3 Na6 9. Be2 Nc7 10. O-O e5 11. Nd2 Qe7 12. Na2 Nd7 13. b4 cxb4 14. Nxb4 f5 15. f3 Bf6 16. Nb3 Bg5 17. Bf2 Bh4 18. Be3 f4 19. Bf2 Bxf2+ 20. Rxf2 g5 21. c4 Ne8 22. Rc1 b6 23. a5 h5 24. Bf1 Rf7 25. Ra2 bxa5 26. Nc6 Qf8 27. Rxa5 Rg7 28. Be2 g4 29. fxg4 Ndf6 30. gxh5 Nxe4 31. Bf3 N8f6 32. c5 Bxh3 33. cxd6 Qxd6 34. h6 Rg3 35. Rxa7 Rf8 36. Rg7+ Kh8 37. Rxg3 Nxg3 38. gxh3 e4 39. Bg4 f3 40. Rc2 Qf4 41. Ne7 Qg5 42. Nd4 Nxg4 43. hxg4 Qxg4 44. Kf2 e3+ 45. Kxe3 Qf4+ 46. Kd3 Qe4+ 47. Kc3 Qxe7 48. Rf2 Qe3+ 49. Kc4 Qxf2 50. Ne6 Rc8+ 51. Kb5 Qb2+ 52. Ka6 Ra8# 0-1


[Site "https://www.chess.com"]

[Event "Titled Tuesday Blitz August 3 2021"]
[White "Wyde, David"]
[Black "Csonka, Balazs"]
[WhiteFideId "2028107"]
[BlackFideId "742910"]
[WhiteElo "2400"]
[BlackElo "2404"]
[Result "0-1"]
[Round "07"]
[TimeControl "180+1"]
[Date "2021.08.03"]
[WhiteClock "0:00:16"]
[BlackClock "0:00:07"]

1. d4 Nf6 2. c4 g6 3. Nc3 Bg7 4. e4 O-O 5. Nf3 d6 6. Be2 Bg4 7. O-O Nfd7 8. d5 a5 9. h3 Bxf3 10. Bxf3 Na6 11. Re1 Nac5 12. Be3 c6 13. Bd4 Bxd4 14. Qxd4 Qb6 15. Rab1 a4 16. Be2 Rfd8 17. Bf1 a3 18. b4 Na4 19. Qxb6 Ndxb6 20. Nxa4 Nxa4 21. Rb3 c5 22. b5 Nb6 23. Ree3 Ra4 24. Rec3 e5 25. Bd3 Kg7 26. Kf1 h5 27. Ke2 Kh6 28. g3 h4 29. Kd2 Kg5 30. Kc2 Rda8 31. Bf1 f5 32. exf5 gxf5 33. Kc1 e4 34. Kd2 Nd7 35. Ke3 Ne5 36. Be2 Rh8 37. Rxa3 Rxa3 38. Rxa3 hxg3 39. fxg3 Rxh3 40. Kf2 Rh2+ 41. Ke1 f4 42. gxf4+ Kxf4 43. Ra8 Ke3 44. Rf8 Rxe2+ 45. Kd1 Rxa2 0-1


[Site "https://www.chess.com"]

[Event "Titled Tuesday Blitz August 3 2021"]
[White "Xiong, Jeffery"]
[Black "Murzin, Volodar"]
[WhiteFideId "2047640"]
[BlackFideId "44155573"]
[WhiteElo "2724"]
[BlackElo "2541"]
[Result "1-0"]
[Round "07"]
[TimeControl "180+1"]
[Date "2021.08.03"]
[WhiteClock "0:01:03"]
[BlackClock "0:00:05"]

1. c4 c6 2. d4 d5 3. cxd5 cxd5 4. Nc3 e6 5. Bf4 Bd6 6. Bxd6 Qxd6 7. e3 Ne7 8. Bd3 Nbc6 9. Nf3 Bd7 10. O-O O-O 11. a3 f6 12. Rc1 Be8 13. Qb3 Qd7 14. Qc2 Bg6 15. Ne1 Rac8 16. Bxg6 hxg6 17. Nd3 b6 18. h4 Nf5 19. g3 Qf7 20. Qe2 Na5 21. Rc2 Nc4 22. Rfc1 Nfd6 23. Qg4 Rfe8 24. Nf4 Kh7 25. Kg2 a5 26. Nb1 a4 27. Nc3 b5 28. Nd3 Rc7 29. Qf3 Rce7 30. Nc5 Rc8 31. Rh1 Rb8 32. Re2 Nf5 33. h5 g5 34. Nxd5 g4 35. Qxg4 Nh6 36. Qg6+ Kh8 37. Qxf7 Rxf7 38. Nxe6 Rd7 39. Nef4 Rd6 40. Rc1 Kh7 41. e4 Re8 42. Nc7 Rb8 43. Nxb5 Rxb5 44. Rxc4 1-0


[Site "https://www.chess.com"]

[Event "Titled Tuesday Blitz August 3 2021"]
[White "Yoo, Christopher Woojin"]
[Black "Gokerkan, Cem Kaan"]
[WhiteFideId "30909694"]
[BlackFideId "6336760"]
[WhiteElo "2105"]
[BlackElo "2361"]
[Result "1-0"]
[Round "07"]
[TimeControl "180+1"]
[Date "2021.08.03"]
[WhiteClock "0:00:03"]
[BlackClock "0:00:04"]

1. e4 c5 2. Nf3 d6 3. Nc3 Nf6 4. e5 dxe5 5. Nxe5 Nbd7 6. d4 a6 7. g3 e6 8. Be3 cxd4 9. Bxd4 Nxe5 10. Bxe5 Qa5 11. Qd4 Be7 12. Qa4+ Qxa4 13. Nxa4 Bd7 14. Nb6 Rd8 15. Bg2 Bc6 16. Bxc6+ bxc6 17. Nc4 O-O 18. Ke2 Nd5 19. Rhd1 f6 20. Bd4 e5 21. Be3 Kf7 22. Rd3 Ke6 23. Rb3 Rb8 24. Ba7 Rb5 25. a4 Rxb3 26. cxb3 Ra8 27. Bb6 Rb8 28. a5 Bd8 29. Bxd8 Rxd8 30. Rc1 Rb8 31. Nd2 Ne7 32. Ne4 Rb5 33. Nc5+ Kd6 34. Nxa6 Rxa5 35. Nb4 Rb5 36. Rc4 c5 37. Nd3 Nc6 38. f4 exf4 39. gxf4 1-0


[Site "https://www.chess.com"]

[Event "Titled Tuesday Blitz August 3 2021"]
[White "Zhao, Erick"]
[Black "Karavade, Eesha"]
[WhiteFideId "30946930"]
[BlackFideId "5012600"]
[WhiteElo "2523"]
[BlackElo "2258"]
[Result "0-1"]
[Round "07"]
[TimeControl "180+1"]
[Date "2021.08.03"]
[WhiteClock "0:00:01"]
[BlackClock "0:00:40"]

1. e4 c5 2. Nf3 d6 3. d4 cxd4 4. Nxd4 Nf6 5. Nc3 a6 6. h3 e5 7. Nde2 h5 8. g3 Nbd7 9. Bg2 b5 10. O-O b4 11. Nd5 a5 12. Be3 Bb7 13. a3 Bxd5 14. exd5 Be7 15. Qd2 Rb8 16. axb4 axb4 17. b3 Nc5 18. Bxc5 dxc5 19. Qe3 Bd6 20. Nf4 O-O 21. Nd3 Qc7 22. Rfe1 c4 23. Ra7 Qc8 24. bxc4 Qxc4 25. Nxe5 Bxe5 26. Qxe5 Rbe8 27. Re7 Rxe7 28. Qxe7 Re8 29. Qxe8+ Nxe8 30. Rxe8+ Kh7 31. Be4+ g6 32. Re7 Kg7 33. Kg2 Qd4 34. Kf3 Kf6 35. Rc7 Qd1+ 36. Ke3 Qe1+ 37. Kd4 Qxf2+ 38. Kc4 Qe2+ 39. Bd3 Qe1 40. d6 Qe6+ 41. Kc5 Qe5+ 42. Kc6 Qc3+ 43. Kb6 Qd4+ 44. Kc6 b3 45. d7 b2 0-1


[Site "https://www.chess.com"]

[Event "Titled Tuesday Blitz August 3 2021"]
[White "Zhurbinsky, David"]
[Black "Ibrahimli, Murad"]
[WhiteFideId "2072904"]
[BlackFideId "13410229"]
[WhiteElo "2569"]
[BlackElo "2109"]
[Result "0-1"]
[Round "07"]
[TimeControl "180+1"]
[Date "2021.08.03"]
[WhiteClock "0:00:11"]
[BlackClock "0:01:36"]

1. e4 c5 2. Nf3 d6 3. d4 cxd4 4. Nxd4 Nf6 5. f3 Nc6 6. c4 e6 7. Nc3 Be7 8. Be3 O-O 9. Be2 d5 10. cxd5 exd5 11. Nxc6 bxc6 12. e5 Nd7 13. f4 Rb8 14. Qc2 Qa5 15. Bd3 h6 16. g4 Bh4+ 17. Kd1 Nc5 18. Bh7+ Kh8 19. g5 d4 20. Bxd4 Rd8 21. Ne2 Ne6 22. gxh6 Nxd4 23. hxg7+ Kxg7 24. Rg1+ Kh8 25. Nxd4 Rxd4+ 26. Kc1 Be6 27. Bd3 Rxf4 28. Kb1 Rf2 29. Be2 Bf5 30. Bd3 Rxc2 31. Kxc2 Qc5+ 32. Kd2 Rxb2+ 0-1


[Site "https://www.chess.com"]

[Event "Titled Tuesday Blitz August 3 2021"]
[White "Aggelis, Nikolaos"]
[Black "Ivanchuk, Vasyl"]
[WhiteFideId "4213220"]
[BlackFideId "14100010"]
[WhiteElo "2154"]
[BlackElo "2710"]
[Result "0-1"]
[Round "08"]
[TimeControl "180+1"]
[Date "2021.08.03"]
[WhiteClock "0:00:12"]
[BlackClock "0:00:15"]

1. d4 d5 2. Nf3 Nc6 3. c3 a6 4. g3 Bg4 5. Bg2 e6 6. O-O Bd6 7. Nbd2 Nf6 8. Qc2 Bf5 9. Qb3 O-O 10. Nh4 Bg4 11. Re1 Na5 12. Qa4 Nc6 13. h3 Bh5 14. e4 Be7 15. exd5 Nxd5 16. Nhf3 b5 17. Qc2 Bg6 18. Qd1 Qd7 19. Ne4 Rfd8 20. Bg5 f6 21. Bd2 Rab8 22. Nh4 Bf7 23. Qe2 e5 24. dxe5 Nxe5 25. Rad1 Qc6 26. Nf5 Bf8 27. f4 Nc4 28. Qg4 h5 29. Qf3 Nxb2 30. Rb1 Nc4 31. Nd4 Qb6 32. Kh2 Nxd2 33. Nxd2 Nxc3 34. Qxc3 Qxd4 35. Qxd4 Rxd4 36. Nb3 Ra4 37. Re2 c5 38. Rc2 c4 39. Nd4 Rd8 40. Nc6 Rd3 41. g4 Bd6 42. Rf1 c3 43. gxh5 Rxa2 44. Rxa2 Bxa2 45. Be4 Re3 46. Bc2 Re2+ 0-1


[Site "https://www.chess.com"]

[Event "Titled Tuesday Blitz August 3 2021"]
[White "Alavkin, Arseny"]
[Black "Hansen, Eric"]
[WhiteFideId "4120612"]
[BlackFideId "2606771"]
[WhiteElo "2401"]
[BlackElo "2568"]
[Result "0-1"]
[Round "08"]
[TimeControl "180+1"]
[Date "2021.08.03"]
[WhiteClock "0:00:51"]
[BlackClock "0:00:31"]

1. d4 Nf6 2. Bf4 g6 3. Nc3 d5 4. e3 Bg7 5. h4 h5 6. Be2 c6 7. Qd2 b5 8. f3 a5 9. Nh3 Bxh3 10. Rxh3 Nbd7 11. O-O-O Nb6 12. Be5 O-O 13. Rhh1 b4 14. Nb1 Nbd7 15. Bf4 c5 16. g4 e6 17. Rhg1 hxg4 18. Bd6 Qb6 19. Bxf8 Rxf8 20. dxc5 Nxc5 21. h5 Bh6 22. f4 Nce4 23. Qd4 Qxd4 24. Rxd4 e5 25. Rxe4 dxe4 26. hxg6 exf4 27. gxf7+ Kxf7 28. Bxg4 Rg8 29. Bh5+ Nxh5 30. Rh1 fxe3 0-1


[Site "https://www.chess.com"]

[Event "Titled Tuesday Blitz August 3 2021"]
[White "Ambartsumova, Karina"]
[Black "Alavi, Sayed Javad"]
[WhiteFideId "4166299"]
[BlackFideId "12500607"]
[WhiteElo "2262"]
[BlackElo "2495"]
[Result "0-1"]
[Round "08"]
[TimeControl "180+1"]
[Date "2021.08.03"]
[WhiteClock "0:00:06"]
[BlackClock "0:00:05"]

1. c4 e6 2. Nc3 d5 3. e3 a6 4. Nf3 Nf6 5. b3 Be7 6. Bb2 O-O 7. Be2 dxc4 8. bxc4 c5 9. d4 cxd4 10. exd4 b6 11. O-O Bb7 12. Qb3 Nc6 13. Rad1 Na5 14. Qa4 Bc6 15. Qc2 Bxf3 16. Bxf3 Nxc4 17. Bxa8 Qxa8 18. Qe2 b5 19. Bc1 Bb4 20. Rd3 Bxc3 21. Rxc3 Qd5 22. Rd1 h6 23. Rg3 Kh8 24. Rgd3 Rd8 25. h3 Rc8 26. Bf4 Rc6 27. Be5 Ne8 28. Qh5 Kg8 29. Rg3 Rc8 30. Qe2 Ncd6 31. Qg4 Nf5 32. Rgd3 Rc2 33. h4 b4 34. a3 b3 35. Rb1 b2 36. Qd1 Qc4 37. d5 Rc1 38. Bxb2 Rxd1+ 39. Rbxd1 exd5 40. Rxd5 Ned6 41. Rxd6 Nxd6 42. Rxd6 Qxh4 43. Rxa6 Qe4 44. Bc3 Qc4 45. Ra8+ Kh7 46. Bb4 Qc1+ 47. Kh2 Qf4+ 48. Kg1 h5 49. Ra5 h4 50. Rc5 Qg4 51. Rc3 Qd1+ 52. Kh2 Qg4 53. Kg1 Qf4 54. Kf1 g5 55. Kg1 Kg6 56. Re3 g4 57. Rc3 f5 58. Rc6+ Kf7 59. Rc3 Ke6 60. Re3+ Kd5 61. Rd3+ Kc4 62. Rc3+ Kb5 63. Re3 g3 64. fxg3 Qxe3+ 65. Kh2 Qxg3+ 66. Kg1 h3 0-1


[Site "https://www.chess.com"]

[Event "Titled Tuesday Blitz August 3 2021"]
[White "Arabidze, Meri"]
[Black "Sliwicki, Damian"]
[WhiteFideId "13604040"]
[BlackFideId "1127128"]
[WhiteElo "2432"]
[BlackElo "2149"]
[Result "1-0"]
[Round "08"]
[TimeControl "180+1"]
[Date "2021.08.03"]
[WhiteClock "0:00:32"]
[BlackClock "0:00:05"]

1. Nf3 g6 2. d4 Nf6 3. g3 c5 4. Bg2 cxd4 5. Nxd4 Bg7 6. O-O O-O 7. c4 Nc6 8. Nc3 Nxd4 9. Qxd4 d6 10. Qd3 a5 11. b3 Bf5 12. Qe3 a4 13. Bd2 a3 14. Bxb7 Ng4 15. Qf3 Rb8 16. Be4 Be6 17. Rac1 Qa5 18. Rfd1 Qh5 19. Qg2 Bd4 20. e3 Bc5 21. Bf3 Qh6 22. Ne4 Ba7 23. h4 Ne5 24. Be2 f5 25. Ng5 Rf6 26. Nxe6 Rxe6 27. Qd5 Kf7 28. e4 Qg7 29. Bf4 Nd7 30. exf5 gxf5 31. Qxf5+ Nf6 32. Bh5+ Kf8 33. Qxe6 Nxh5 34. Qf5+ Nf6 35. c5 Rb4 36. cxd6 1-0


[Site "https://www.chess.com"]

[Event "Titled Tuesday Blitz August 3 2021"]
[White "Ashiev, Eduard"]
[Black "Srihari L R"]
[WhiteFideId "4130090"]
[BlackFideId "46617116"]
[WhiteElo "2106"]
[BlackElo "2121"]
[Result "0-1"]
[Round "08"]
[TimeControl "180+1"]
[Date "2021.08.03"]
[WhiteClock "0:00:14"]
[BlackClock "0:00:29"]

1. d4 d6 2. e4 Nf6 3. Nc3 e5 4. Nf3 exd4 5. Nxd4 Be7 6. Bf4 O-O 7. Qd2 d5 8. e5 Ne4 9. Nxe4 dxe4 10. O-O-O c5 11. Nb5 Qb6 12. Qe3 Bf5 13. Be2 Nc6 14. g4 Bg6 15. h4 f6 16. Bc4+ Kh8 17. h5 Be8 18. c3 fxe5 19. Bg5 Bxg5 20. Qxg5 h6 21. Qe3 Na5 22. b3 Bxb5 23. Bxb5 Qxb5 24. g5 Qb6 25. Kc2 Qe6 26. Rdg1 Nc6 27. gxh6 Qxh6 28. Qe2 Rf6 29. Rg3 Raf8 30. Rh2 Rc8 31. Kb1 Rd6 32. Rhg2 Rcd8 33. Rxg7 Rd1+ 34. Kb2 Qc1# 0-1


[Site "https://www.chess.com"]